Map: [ESL] Inside and Out

Players

Elazer - Winner!

  • Race: Zerg Zerg
  • Spawn Location: 1:00

ByuN

  • Race: Terran Terran
  • Spawn Location: 7:00

Event: DreamHack SC2 Masters 2022 Valencia

VOD

Have the link to the VOD?

Description

Time

  • Played on: July 1, 2022, 1:55 p.m.
  • Length: 14:50

All games in this series

Show
View Real Time Build Order
Export as new Build Order

Elazer Zerg - Winner!

Build Orders: Hatch First 

Get SALT Encoding   

  12  0:00  Drone  
  13  0:12  Overlord  
  13  0:17  Drone  
  14  0:30  Drone x2  
  16  0:48  Hatchery  
  15  0:51  Drone  
  15  0:54  Drone  
  17  0:58  Drone  
  18  1:09  Extractor  
  17  1:13  Spawning Pool  
  17  1:16  Drone  
  17  1:20  Drone  
  18  1:28  Drone  
  19  1:38  Drone  
  20  1:49  Drone  
  21  2:00  Queen x2  
  25  2:02  Zergling x4  
  27  2:11  Overlord, Drone  
  27  2:12  Metabolic Boost  
  28  2:28  Hatchery  
  27  2:31  Drone  
  27  2:32  Drone  
  27  2:35  Drone  
  27  2:36  Drone  
  31  2:43  Queen  
  33  2:48  Overlord  
  33  2:52  Drone  
  33  2:54  Drone  
  33  2:56  Drone  
  35  3:06  Overlord  
  35  3:08  Drone x4  
  39  3:15  Queen  
  41  3:20  Queen  
  41  3:24  Drone  
  41  3:25  Drone  
  41  3:26  Overlord  
  45  3:37  Drone x2  
  47  3:43  Drone x4, Overlord  
  47  3:44  Queen  
  47  3:48  Overlord  
  53  3:54  Zergling x6  
  56  4:00  Queen  
  57  4:03  Zergling x6  
  57  4:06  Zergling x2  
  57  4:09  Zergling x2  
  62  4:14  Overlord  
  62  4:16  Zergling x2  
  62  4:17  Zergling x2  
  64  4:25  Queen  
  64  4:26  Spore Crawler, Overlord  
  65  4:34  Spore Crawler  
  65  4:36  Spore Crawler, Drone  
  66  4:38  Drone x7  
  66  4:40  Drone  
  66  4:44  Queen  
  74  4:46  Drone  
  74  4:50  Overlord  
  75  4:54  Drone x4  
  78  5:00  Overlord  
  78  5:01  Baneling Nest  
  78  5:04  Overlord  
  77  5:13  Zergling x6  
  77  5:14  Zergling x12  
  77  5:21  Overlord  
  75  5:23  Lair  
  75  5:29  Drone x5  
  75  5:34  Extractor  
  80  5:35  Extractor, Drone x2  
  80  5:41  Drone  
  81  5:48  Overlord  
  81  5:49  Drone  
  82  5:53  Drone x5  
  86  5:57  Hatchery  
  86  6:00  Drone x6  
  91  6:10  Drone x3  
  94  6:16  Drone  
  94  6:18  Evolution Chamber x2  
  94  6:20  Extractor  
  92  6:27  Overlord  
  92  6:28  Centrifugal Hooks, Zergling x16  
  100  6:39  Overlord  
  100  6:43  Zergling x12  
  100  6:45  Hatchery, Zerg Melee Weapons Level 1, Zerg Ground Armor Level 1  
  105  6:50  Baneling x3  
  105  6:53  Queen  
  105  6:54  Overlord  
  107  6:55  Zergling x8  
  111  7:03  Overlord  
  111  7:07  Queen x2  
  115  7:09  Baneling x9  
  115  7:11  Zergling x8  
  119  7:21  Zergling x16  
  126  7:29  Zergling x8  
  128  7:37  Zergling x2  
  128  7:38  Zergling x16  
  128  7:41  Zergling x2  
  128  7:51  Baneling x14  
  128  7:52  Baneling  
  128  7:56  Zergling x6  
  128  7:57  Zergling x2  
  129  7:59  Zergling x2  
  129  8:00  Zergling x2  
  129  8:01  Hatchery  
  129  8:02  Zergling x4  
  119  8:11  Zergling x8  
  119  8:12  Zergling x2  
  124  8:18  Zergling x4  
  124  8:19  Zergling x8  
  130  8:25  Zergling x4  
  132  8:29  Baneling x8  
  132  8:34  Zergling x6  
  132  8:36  Baneling x4  
  132  8:38  Zergling x2  
  132  8:39  Zergling x2  
  132  8:40  Zergling x6  
  138  8:46  Zergling x6  
  141  8:53  Zergling x10  
  144  8:56  Zerg Ground Armor Level 2, Zerg Melee Weapons Level 2  
  144  8:58  Zergling x2  
  144  9:05  Zergling x6  
  144  9:07  Zergling x2  
  139  9:18  Zergling x4  
  139  9:19  Zergling x8  
  139  9:21  Hatchery  
  132  9:28  Zergling x6  
  133  9:32  Zergling x4  
  133  9:34  Baneling x5  
  133  9:36  Zergling x8  
  132  9:47  Zergling x2  
  132  9:48  Zergling x6  
  134  9:54  Burrow  
  128  10:06  Zergling x14  
  133  10:09  Zergling x2, Hatchery  
  133  10:26  Zergling x20  
  136  10:34  Pneumatized Carapace  
  103  10:45  Zergling x2  
  103  10:46  Zergling x18  
  103  10:49  Baneling  
  110  10:50  Baneling x7  
  110  10:51  Zergling x6  
  110  10:54  Baneling x5  
  104  10:57  Zergling x14  
  104  11:05  Zergling x6  
  104  11:06  Queen  
  107  11:20  Zergling x10  
  107  11:22  Baneling x2  
  107  11:23  Baneling x15  
  110  11:26  Zergling x14  
  110  11:32  Zergling x6  
  112  11:46  Queen, Baneling x7, Zergling x8  
  95  12:04  Zergling x14  
  95  12:07  Zergling x2  
  95  12:08  Zergling x6  
  95  12:12  Zergling x10  
  93  12:21  Zergling x10  
  98  12:25  Baneling x2  
  98  12:26  Zergling x4  
  97  12:34  Zergling x10  
  95  12:45  Zergling x2  
  95  12:46  Zergling x4  
  93  12:57  Zergling x12  
  98  13:07  Zergling x4  
  98  13:12  Zergling x2  
  97  13:24  Zergling x8  
  94  13:31  Zergling x10  
  99  13:38  Queen x3, Zergling x2  
  104  13:43  Zergling x6  
  107  13:53  Zergling x8  
  107  13:54  Baneling x6  
  111  13:57  Zergling x2  
  111  14:00  Hatchery  
  111  14:02  Zergling x4  
  113  14:06  Zergling x2  
  114  14:10  Zergling x2  
  114  14:11  Baneling x4  
  114  14:12  Baneling x6  
  115  14:19  Zergling x8  
  115  14:26  Zergling x12  
Show
View Real Time Build Order
Export as new Build Order

ByuN Terran 

Build Orders: Hellion Banshee 

Get SALT Encoding   

  12  0:00  SCV  
  13  0:12  SCV  
  14  0:16  Supply Depot  
  14  0:24  SCV  
  15  0:38  SCV  
  15  0:40  Barracks  
  15  0:42  Refinery  
  16  0:50  SCV  
  17  1:02  SCV  
  18  1:14  SCV  
  19  1:26  Orbital Command  
  20  1:34  Command Center  
  20  1:37  Marine  
  20  1:48  Factory  
  20  1:52  SCV  
  21  2:00  Refinery  
  21  2:02  Barracks Reactor  
  21  2:04  SCV  
  22  2:08  Supply Depot  
  22  2:18  SCV  
  23  2:30  SCV  
  23  2:31  Hellion  
  23  2:33  Starport  
  26  2:38  Marine x2  
  26  2:43  SCV  
  29  2:47  Orbital Command  
  29  2:53  Hellion  
  29  2:55  SCV  
  29  2:58  Marine  
  33  3:00  Marine  
  34  3:10  Medivac  
  34  3:11  SCV  
  34  3:12  SCV  
  38  3:17  Factory Tech Lab  
  38  3:20  Supply Depot  
  38  3:21  Marine  
  38  3:22  Marine  
  38  3:26  SCV  
  38  3:27  SCV  
  42  3:38  SCV  
  42  3:39  SCV  
  44  3:43  Supply Depot  
  44  3:47  Hellion  
  44  3:48  Hellion  
  48  3:51  SCV x2  
  48  3:54  Cloaking Field, Banshee  
  53  3:55  Barracks Tech Lab  
  53  4:03  SCV  
  53  4:04  SCV  
  53  4:07  Supply Depot  
  53  4:08  Armory  
  55  4:16  Hellion x2  
  59  4:19  SCV x2  
  59  4:22  Stimpack  
  61  4:31  SCV, Supply Depot  
  62  4:37  Banshee  
  69  4:42  SCV  
  69  4:43  SCV  
  67  4:46  Barracks, Refinery  
  67  4:47  Factory Reactor  
  67  4:48  Marine  
  67  4:50  Barracks  
  68  4:54  Supply Depot  
  68  4:55  SCV x2  
  70  5:05  Engineering Bay  
  70  5:06  Marine  
  71  5:07  SCV x2  
  71  5:17  Barracks  
  71  5:19  SCV x2  
  67  5:24  Marine  
  66  5:30  Starport Reactor  
  66  5:31  SCV x2, Terran Infantry Weapons Level 1  
  66  5:33  Supply Depot  
  68  5:37  Marine x2  
  68  5:39  Barracks  
  68  5:42  Refinery, Marine  
  71  5:44  Siege Tank, Marine x2  
  76  5:55  Marine x2  
  78  5:58  SCV  
  78  5:59  SCV  
  78  6:00  Marine  
  78  6:02  Marine  
  78  6:03  Marine  
  83  6:11  Marine  
  84  6:13  Marine x2  
  84  6:16  Siege Tank  
  84  6:17  Supply Depot  
  84  6:18  Supply Depot, Marine  
  90  6:19  Marine  
  90  6:20  Medivac  
  90  6:21  Marine  
  94  6:25  Medivac  
  94  6:29  Marine  
  94  6:30  Marine  
  94  6:31  Marine x2  
  94  6:35  Marine  
  94  6:37  Marine  
  94  6:39  Marine  
  97  6:40  Combat Shield  
  97  6:46  Marine  
  98  6:48  Siege Tank, Marine  
  98  6:49  Marine x2  
  98  6:53  Marine  
  105  6:55  Medivac x2, Marine  
  105  6:57  Marine  
  105  7:00  Supply Depot  
  111  7:03  Supply Depot  
  111  7:04  Marine  
  111  7:06  Marine x2  
  111  7:07  Marine  
  115  7:11  Marine  
  115  7:13  Marine  
  115  7:15  Marine  
  118  7:22  Marine  
  119  7:23  Marine  
  119  7:24  Marine  
  119  7:25  Siege Tank, Marine  
  119  7:29  Marine, Medivac x2  
  129  7:31  Marine  
  129  7:32  Marine  
  131  7:40  Marine  
  131  7:41  Marine  
  131  7:42  Marine  
  134  7:45  Terran Infantry Armor Level 1  
  134  7:49  Supply Depot  
  134  7:51  Supply Depot  
  134  7:59  Marine  
  134  8:11  Marine x6  
  140  8:17  Marine  
  140  8:18  Siege Tank  
  144  8:21  Command Center  
  144  8:29  Marine x5  
  144  8:33  Marine  
  150  8:36  Marine  
  150  8:46  Marine x4  
  150  9:05  Marine  
  150  9:13  Supply Depot  
  150  9:15  Marine  
  130  9:32  Marine x3  
  130  9:35  Marine  
  130  9:37  Marine  
  133  9:39  Marine  
  133  9:40  Medivac, Marine  
  133  9:44  Siege Tank  
  115  9:50  Marine x3  
  115  9:52  Marine  
  115  9:55  Marine  
  117  10:20  Marine  
  117  10:23  Marine  
  117  10:30  Marine x2  
  117  10:32  Marine  
  117  10:33  Marine  
  117  10:34  Orbital Command  
  114  10:38  Medivac  
  114  10:40  Siege Tank, Marine x2  
  114  10:41  Marine  
  89  10:48  Marine x2  
  81  11:17  Orbital Command  
  72  11:43  Marine x4  
  72  11:44  Marine  
  68  12:01  Marine  
  69  12:04  Marine x3  
  69  12:08  Marine  
  69  12:09  Siege Tank  
  65  12:16  Supply Depot  
  65  12:18  Marine  
  65  12:22  Marine x3  
  68  12:26  Marine  
  69  12:32  Orbital Command  
  69  12:36  Marine  
  66  12:40  Marine x3  
  66  12:41  Siege Tank  
  72  12:44  Marine  
  67  12:53  SCV x2  
  69  13:02  SCV  
  69  13:08  Marine x2  
  69  13:13  Siege Tank  
  69  13:14  SCV x2  
  69  13:27  Marine x2  
  69  13:28  Marine  
  69  13:30  Marine  
  73  13:36  SCV  
  73  13:42  Marine  
  73  13:44  SCV x2  
  73  13:48  SCV  
  77  13:51  Siege Tank  
  77  13:53  Supply Depot x2  
  80  13:57  Marine x4  
  84  14:05  Marine  
  85  14:15  Marine  

Tags
 
Add a new tag
Caveats
  • Supply blocks, unpowered buildings, or Contaminate may cause inaccurate times.
  • Supply counts are checked every 10 seconds.